 Dungeon Crawl Stone Soup version 0.26-a0-753-g4680b4fa2e (webtiles) character file.

Game seed: 3071437412265397860

678 2tc the Stinger (level 7, -2/46 HPs)
             Began as a Demonspawn Venom Mage on Nov 7, 2020.
             Slain by a sky beast (6 damage)
             ... on level 5 of the Dungeon.
             The game lasted 00:24:03 (6844 turns).

2tc the Stinger (Demonspawn Venom Mage)             Turns: 6844, Time: 00:24:04

Health: -2/46      AC:  4    Str: 11    XL:     7   Next: 34%
Magic:  17/20      EV: 12    Int: 14    God:
Gold:   244        SH:  5    Dex: 13    Spells: 2/12 levels left

rFire    . . .     SeeInvis .   k - +2 dagger (venom)
rCold    . . .     Faith    .   (no shield)
rNeg     . . .     Spirit   .   a - +0 robe
rPois    .         Reflect  +   (helmet restricted)
rElec    .         Harm     .   (no cloak)
rCorr    .         Rampage  .   d - +0 pair of gloves
MR       .....                  m - +0 pair of boots
Stlth    ++........             p - amulet of reflection
HPRegen  0.15/turn              n - ring of magical power
MPRegen  0.17/turn              (no ring)

@: brilliant, attractive, hasted, very quick
A: antennae 1, dopey 1, powered by death 1, wild magic 1
a: no special abilities


You were on level 5 of the Dungeon.
You visited 1 branch of the dungeon, and saw 5 of its levels.

You collected 244 gold pieces.

Inventory:

Hand Weapons
 c - a +0 whip
 k - a +2 dagger of venom (weapon)
 t - the +7 morningstar of Kemycw {elec, rPois MR+, unknown}
   (You found it on level 4 of the Dungeon)

   Occasionally, upon striking a foe, it will discharge some electrical energy
   and cause terrible harm.
   It protects you from poison.
   It affects your resistance to hostile enchantments.
Armour
 a - a +0 robe (worn)
 d - a +0 pair of gloves (worn)
 m - a +0 pair of boots (worn)
Jewellery
 e - an uncursed ring of fire
 n - a ring of magical power (left hand)
 p - an amulet of reflection (around neck)
Wands
 s - a wand of digging (3)
Scrolls
 h - a scroll of remove curse
 j - a scroll of fear
 o - 2 scrolls of teleportation
Potions
 b - a potion of haste
 g - a potion of brilliance
 l - 3 potions of attraction
 r - a potion of degeneration {unknown}


   Skills:
 - Level 1.7 Dodging
 - Level 1.7 Stealth
 - Level 3.0 Spellcasting
 - Level 2.4 Transmutations
 + Level 3.1 Air Magic
 * Level 6.8 Poison Magic


You had 2 spell levels left.
You knew the following spells:

 Your Spells              Type           Power        Failure   Level
a - Sting                 Tmut/Pois      ####         5%          1
b - Poisonous Vapours     Pois/Air       ####..       7%          2
c - Mephitic Cloud        Conj/Pois/Air  ###.....     24%         3
d - Olgreb's Toxic Radia  Pois           #####...     19%         4

Your spell library contained the following spells:

 Spells                   Type           Power        Failure   Level
 Ignite Poison            Fire/Tmut/Pois ###.....     26%         3


Dungeon Overview and Level Annotations

Branches:
Dungeon (5/15)
 Temple: D:4-7

Altars:
Elyvilon
Qazlal
Ru
Yredelemnul

Annotations:
D:3 2 transporters, 1 runed translucent door, Crazy Yiuf; Froggeryz's ghost, amateur NaTm


Innate Abilities, Weirdness & Mutations

You have a pair of small antennae on your head.
You regenerate a little health from kills.
You are dopey. (Int -2)
Your spells are a little harder to cast, but a little more powerful.


Message History

You block the white imp's attack.
A sky beast appears from thin air!
Reactivating autopickup.
Press: ? - help, v - describe, . - travel
Here: a sky beast (rain, heavily wounded)
An open door.
Unknown command.
You closely miss the white imp.
The white imp is severely wounded.
You hit the white imp but do no damage.
The white imp is poisoned.
The white imp is severely wounded.
The white imp gestures at you. The puff of frost misses you.
You hit the white imp.
You kill the white imp!
The sky beast is pulled toward you!
The sky beast flickers out of sight!
Deactivating autopickup; reactivate with Ctrl-A.
Something hits you.
* * * LOW HITPOINT WARNING * * *
Something shocks you.
You die...

##.......#
........#
.......#
......#
...≈.#.# .≈.
#.# #'# #.#
#{# #.#
#@###.#
#..##.#
##.##.#
#..#.#
##.#.#######
#.........#
#.........#
#.........#
#.........#


There were no monsters in sight!

Vanquished Creatures
  Eustachio (D:4)
  A centaur (D:4)
  A howler monkey (D:4)
  2 orc wizards
  An orc priest (D:4)
  Natasha (twice) (D:2)
  4 worker ants
  Robin (D:2)
  2 adders
  2 howler monkey skeletons (D:4)
  A white imp (D:5)
  An adder skeleton (D:4)
  3 worms (D:2)
  4 dart slugs
  5 leopard geckos
  8 orcs
  5 giant cockroaches
  10 hobgoblins
  11 jackals
  2 quokkas (D:2)
  5 bats
  12 frilled lizards
  16 goblins
  8 kobolds
  5 rats
113 creatures vanquished.

Vanquished Creatures (others)
  12 plants
12 creatures vanquished.

Grand Total: 125 creatures vanquished

Notes
Turn   | Place    | Note
-------+----------+-------------------------------------------
     0 | D:1      | 2tc the Demonspawn Venom Mage began the quest for the Orb.
     0 | D:1      | Reached XP level 1. HP: 13/13 MP: 3/3
   530 | D:1      | Gained mutation: You have a pair of small antennae on your
                  | head. [demonic ancestry]
   530 | D:1      | Reached XP level 2. HP: 19/19 MP: 1/5
  1025 | D:1      | Reached skill level 4 in Poison Magic
  1030 | D:1      | Learned a level 2 spell: Poisonous Vapours
  1308 | D:1      | Reached XP level 3. HP: 13/24 MP: 4/6
  1785 | D:2      | Learned a level 3 spell: Mephitic Cloud
  2185 | D:2      | Noticed Robin
  2193 | D:2      | Killed Robin
  2193 | D:2      | Reached skill level 1 in Air Magic
  2277 | D:2      | Reached XP level 4. HP: 15/30 MP: 5/7
  2933 | D:2      | Noticed Natasha
  2941 | D:2      | Killed Natasha
  2941 | D:2      | Reached skill level 5 in Poison Magic
  2994 | D:2      | Noticed Natasha
  2997 | D:2      | Killed Natasha
  3116 | D:2      | Gained mutation: You regenerate a little health from kills.
                  | [demonic ancestry]
  3116 | D:2      | Reached XP level 5. HP: 10/35 MP: 2/8
  3850 | D:2      | Found a basalt altar of Yredelemnul.
  3850 | D:2      | Found a sacrificial altar of Ru.
  3855 | D:2      | Found a white marble altar of Elyvilon.
  4709 | D:3      | Found a transporter.
  5009 | D:3      | Noticed an air elemental
  5011 | D:3      | Found a stormy altar of Qazlal.
  5013 | D:3      | Noticed a fire elemental
  5013 | D:3      | Noticed a water elemental
  5476 | D:3      | Found a runed translucent door.
  5477 | D:3      | Noticed Crazy Yiuf
  5504 | D:3      | Found a transporter.
  5525 | D:3      | Noticed Froggeryz's ghost (amateur NaTm)
  5813 | D:4      | Noticed a centaur
  5825 | D:4      | Killed a centaur
  5825 | D:4      | Reached skill level 6 in Poison Magic
  5825 | D:4      | Reached XP level 6. HP: 38/41 MP: 10/10
  5841 | D:4      | Learned a level 4 spell: Olgreb's Toxic Radiance
  5901 | D:4      | Reached skill level 1 in Transmutations
  6181 | D:4      | Noticed Eustachio
  6193 | D:4      | Killed Eustachio
  6193 | D:4      | Reached XP level 7. HP: 36/46 MP: 11/11
  6428 | D:4      | Got a crystal morningstar
  6740 | D:5      | Entered Level 5 of the Dungeon
  6836 | D:5      | Gained mutation: You are dopey. (Int -2) [potion of
                  | mutation]
  6836 | D:5      | Gained mutation: Your spells are a little harder to cast,
                  | but a little more powerful. [potion of mutation]
  6844 | D:5      | Slain by a sky beast

Illustrated notes

Levels and vault maps discovered:
D:1:      roderic_lyre, layout_loops_corners
D:2:      layout_loops_corners, grunt_temple_overflow_diamond,
          serial_bayou_pond_b, uniq_natasha, uniq_robin
D:3:      layout_loops_corners, gammafunk_ghost_gnarly_gnolls,
          nicolae_qazlal_style_of_elements, uniq_crazy_yiuf_cottage
D:4:      layout_rooms, uniq_eustachio
D:5:      layout_basic, lightli_sewer_entry_pipes

Skill      XL: |  1  2  3  4  5  6  7 |
---------------+----------------------+-----
Poison Magic   | 4 5 6 |  6.8
Air Magic      | 1 2 3 |  3.1
Spellcasting   | 3 |  3.0
Transmutations | 2 |  2.4
Dodging        | |  1.7
Stealth        | |  1.7

Action                   |  1- 3 |  4- 6 |  7- 9 || total
-------------------------+-------+-------+-------++-------
Melee: Club              |     3 |       |       ||     3
       Whip              |    21 |       |       ||    21
       Spear             |    27 |   215 |       ||   242
       Dagger            |       |    31 |    23 ||    54
 Cast: Sting             |    45 |    53 |     2 ||   100
       Poisonous Vapours |     7 |    27 |    18 ||    52
  Use: Scroll            |     4 |     5 |       ||     9
       Potion            |       |       |     8 ||     8
 Stab: Sleeping          |     1 |     4 |       ||     5
Armor: Robe              |     7 |    48 |     1 ||    56
Dodge: Dodged            |    41 |   148 |     9 ||   198
Block: Other             |       |    11 |     5 ||    16
       Reflection        |       |       |     2 ||     2

Table legend: (Time is in decaauts)
 A = Elapsed time spent in this place.
 B = Non-inter-level travel time spent in this place.
 C = Inter-level travel time spent in this place.
 D = Time resting spent in this place.
 E = Time spent auto-exploring this place.
 F = Levels seen in this place.
 G = Mean time per level.
                   A        B        C        D        E       F      G
               +--------+--------+--------+--------+--------+-----+--------+
         Total |   6874 |   6675 |    199 |   2632 |   2902 |   5 | 1374.8 |
       Dungeon |   6874 |   6675 |    199 |   2632 |   2902 |   5 | 1374.8 |
               +--------+--------+--------+--------+--------+-----+--------+

Top non-repeatable levels by time:
     D:2: 2566 daAuts
     D:1: 1781 daAuts
     D:3: 1327 daAuts
     D:4: 1100 daAuts
     D:5: 98 daAuts
